 Dungeon Crawl Stone Soup version 0.30.1-9-gdf580d7c3d (webtiles) character file.

Game seed: 17958345465698657199

392 Peloso the Slasher (level 6, -1/56 HPs)
             Began as a Minotaur Fighter on Oct 17, 2023.
             Killed from afar by an orc wizard (6 damage)
             ... with a puff of flame
             ... on level 5 of the Dungeon.
             The game lasted 00:04:59 (2754 turns).

Peloso the Slasher (Minotaur Fighter)               Turns: 2754, Time: 00:05:00

Health: -1/56      AC:  9    Str: 21    XL:     6   Next: 50%
Magic:  5/5        EV:  8    Int:  5    God:
Gold:   161        SH:  4    Dex: 11    Spells: 5/5 levels left

rFire   . . .        a - +0 long sword
rCold   . . .        d - +0 buckler
rNeg    . . .        c - +0 chain mail
rPois   .            (helmet restricted)
rElec   .            (no cloak)
rCorr   .            (no gloves)
SInv    .            (no boots)
Will    .....        (no amulet) Stlth
                     (no ring)
HPRegen 0.29/turn    (no ring)
MPRegen 0.09/turn

%: no passive effects
@: no status effects
A: horns 2, retaliatory headbutt
a: no special abilities


You were on level 5 of the Dungeon.
You visited 1 branch of the dungeon, and saw 5 of its levels.

You collected 161 gold pieces.

Inventory:

Hand Weapons
 a - a +0 long sword (weapon)
Armour
 b - a +0 scale mail
 c - a +0 chain mail (worn)
 d - a +0 buckler (worn)
Wands
 n - a wand of flame (19)
Scrolls
 f - a scroll of vulnerability {unknown}
 g - a scroll of immolation {unknown}
 h - a scroll of identify {unknown}
Potions
 i - 2 potions of invisibility {unknown}
 j - a potion of flight {unknown}
 k - a potion of ambrosia {unknown}
 l - a potion of might
 m - a potion of magic {unknown}


   Skills:
 + Level 5.0 Fighting
 + Level 6.1 Long Blades
 + Level 5.0 Armour
 + Level 1.4 Dodging
 + Level 4.2 Shields


You had 5 spell levels left.
You didn't know any spells.
Your spell library contained the following spells:

 Spells                   Type           Power      Damage    Failure   Level
 Freeze                   Ice            0%         1d3       99%         1
 Blink                    Tloc           0%         N/A       100%        2
 Lesser Beckoning         Tloc           0%         N/A       100%        2
 Momentum Strike          Conj/Tloc      0%         3d8       100%        2
 Call Canine Familiar     Summ           0%         N/A       100%        3
 Frozen Ramparts          Ice            0%         1d1       100%        3
 Hailstorm                Conj/Ice       0%         3d3       100%        3
 Ignite Poison            Fire/Tmut/Pois 0%         N/A       100%        3
 Portal Projectile        Hex/Tloc       0%         N/A       100%        3
 Leda's Liquefaction      Hex/Erth       0%         N/A       100%        4
 Sticky Flame             Conj/Fire      0%         2d3       100%        4
 Alistair's Intoxication  Tmut/Pois      0%         N/A       100%        5
 Borgnjor's Vile Clutch   Necr/Erth      0%         N/A       100%        5
 Eringya's Noxious Bog    Tmut/Pois      0%         N/A       100%        6
 Ignition                 Fire           0%         3d3       100%        8
 Chain Lightning          Conj/Air       0%         N/A       100%        9
 Fire Storm               Conj/Fire      0%         5d1       100%        9
 Shatter                  Erth           0%         3d5*      100%        9


Dungeon Overview and Level Annotations

Branches:
Dungeon (5/15)
 Temple: D:4-7

Altars:
Yredelemnul

Shops:
D:1 :

Annotations:
D:2 Sigmund


Innate Abilities, Weirdness & Mutations

You have a pair of horns on your head.
You reflexively headbutt those who attack you in melee.


Message History

Reactivating autopickup.
The orc wizard casts a spell at you. The puff of flame hits you.
* * * LOW HITPOINT WARNING * * *
You see here a +0 heavy spear.
You miss the orc wizard.
The orc wizard is severely wounded.
The orc wizard gestures at you while chanting.
The magic dart hits you but does no damage.
You completely miss the orc wizard.
The orc wizard is severely wounded.
The orc wizard gestures at you while chanting.
The puff of flame hits you!
* * * LOW HITPOINT WARNING * * *
Unknown command.
You closely miss the orc wizard. Your headbutt misses the orc wizard.
The orc wizard is severely wounded.
You feel less confused.
The orc wizard hits you but does no damage.
Unknown command.
You hit the orc wizard but do no damage.
The orc wizard is severely wounded.
You block the orc wizard's attack.
Unknown command.
You closely miss the orc wizard. Your headbutt misses the orc wizard.
The orc wizard is severely wounded.
The orc wizard hits you with a +0 dagger.
* * * LOW HITPOINT WARNING * * *
Unknown command.
Okay, then.
You hit the orc wizard but do no damage.
The orc wizard is severely wounded.
You hear the slow hiss of a very distant avalanche of sand.
The orc wizard hits you but does no damage.
Unknown command.
You miss the orc wizard. Your headbutt misses the orc wizard.
The orc wizard is severely wounded.
The orc wizard gestures at you while chanting.
The puff of flame hits you.
You die...

#+ .# #. #.#
#.###.# #...#.#
#.....# ###
#....# ..#
#....# ###.#
#....#####...##
#).o@)).......#
#####
#.).####......#
#.... #...#
####...# #....
#...#
####...###....
#..$+
...............
#...#
#####..####.###
#...# ......
#.# #...#
##########.###
#####
#............


You could see an orc wizard.

Vanquished Creatures
  A phantom (D:4)
  A jelly (D:4)
  A gnoll bouda (D:5)
  Jessica (D:3)
  An iguana (D:4)
  2 orc wizards (D:5)
  4 gnolls (D:5)
  4 adders
  An ufetubus (D:5)
  2 dart slugs
  3 orcs
  8 ball pythons
  6 endoplasms
  3 giant cockroaches
  6 goblins
  6 hobgoblins
  4 jackals (D:4)
  4 quokkas
  6 bats
  5 frilled lizards
  6 kobolds
  5 rats
80 creatures vanquished.

Notes
Turn   | Place    | Note
-------+----------+-------------------------------------------
     0 | D:1      | Peloso the Minotaur Fighter began the quest for the Orb.
     0 | D:1      | Reached XP level 1. HP: 19/19 MP: 0/0
   163 | D:1      | Reached XP level 2. HP: 11/27 MP: 1/1
   314 | D:1      | Found Riffynas's Book Shoppe.
   314 | D:1      | Noticed a walking crystal tome
   316 | D:1      | Noticed a walking crystal tome
   708 | D:2      | Reached XP level 3. HP: 31/33 MP: 2/2
   713 | D:2      | Reached skill level 3 in Long Blades
   879 | D:2      | Noticed Sigmund
   983 | D:3      | Noticed Jessica
   985 | D:3      | Killed Jessica
  1051 | D:3      | Reached XP level 4. HP: 40/40 MP: 3/3
  1767 | D:4      | Reached skill level 1 in Dodging
  1794 | D:4      | Noticed a phantom
  1814 | D:4      | Killed a phantom
  1815 | D:4      | Reached skill level 4 in Long Blades
  1815 | D:4      | Reached XP level 5. HP: 32/47 MP: 4/4
  2015 | D:4      | Reached skill level 5 in Long Blades
  2433 | D:4      | Found a basalt altar of Yredelemnul.
  2659 | D:5      | Entered Level 5 of the Dungeon
  2672 | D:5      | Reached XP level 6. HP: 49/53 MP: 5/5
  2714 | D:5      | Reached skill level 5 in Fighting
  2715 | D:5      | Reached skill level 6 in Long Blades
  2732 | D:5      | Reached skill level 5 in Armour
  2754 | D:5      | Killed from afar by an orc wizard

Illustrated notes

Levels and vault maps discovered:
D:1:      minmay_arrival_doors, layout_basic, serial_shops,
          nicolae_shop_mannequins
D:2:      layout_basic, uniq_sigmund
D:3:      layout_loops_corners, minmay_between, uniq_jessica
D:4:      layout_cave_pods, kennysheep_little_box
D:5:      layout_basic, nemelex_spade_bored_becter, enter_ossuary_4

Skill      XL: |  1  2  3  4  5  6 |
---------------+-------------------+-----
Fighting       | 4 5 |  5.0
Armour         | 4 5 |  5.0
Long Blades    | 3 4 5 6 |  6.1
Shields        | 4 |  4.2
Dodging        | 1 |  1.4

Action                     |  1- 3 |  4- 6 || total
---------------------------+-------+-------++-------
  Melee: Long sword        |    88 |   129 ||   217
         Headbutt          |     9 |    12 ||    21
    Use: Scroll            |     1 |       ||     1
         Potion            |     3 |     2 ||     5
 Armour: Scale mail        |    52 |    29 ||    81
         Chain mail        |       |    66 ||    66
  Dodge: Dodged            |    57 |    61 ||   118
  Block: Buckler           |    34 |    24 ||    58
